 Dungeon Crawl Stone Soup version 0.28-a0-1235-g7c8fac35f0 (webtiles) character file.

Game seed: 307398359701022292

58 strifetoe the Stinger (level 4, -5/27 HPs)
             Began as an Octopode Venom Mage on Dec 25, 2021.
             Was a Believer of Zin.
             Slain by Crazy Yiuf (9 damage)
             ... on level 2 of the Dungeon.
             The game lasted 00:02:58 (2116 turns).

strifetoe the Stinger (Octopode Venom Mage)         Turns: 2116, Time: 00:02:59

Health: -5/27      AC:  1    Str:  7    XL:     4   Next: 1%
Magic:  7/7        EV: 13    Int: 19    God:    Zin [**....]
Gold:   81         SH:  0    Dex: 12    Spells: 4/7 levels left

rFire   . . .      SeeInvis .   e - +1 dagger (venom)
rCold   . . .      Faith    .   (no shield)
rNeg    . . .      Spirit   .   (helmet restricted)
rPois   .          Reflect  .   (no amulet)
rElec   .          Harm     .   (no ring)
rCorr   .          Rampage  .   (no ring)
Will    .....                   (no ring)
Stlth   ++++......              (no ring)
HPRegen 0.09/turn               (no ring)
MPRegen 0.10/turn               (no ring)
                                (no ring)
                                (no ring)

@: no status effects
A: almost no armour, amphibious, 8 rings, camouflage 1, gelatinous body 1,
(nimble swimmer 1), tentacles
a: Renounce Religion, Recite, Vitalisation, Donate Gold


You were on level 2 of the Dungeon.
You worshipped Zin.
Zin was pleased with you.
You visited 1 branch of the dungeon, and saw 2 of its levels.

You collected 90 gold pieces.
You donated 9 gold pieces to Zin.

Inventory:

Hand Weapons
 b - a +0 dagger of venom
 e - a +1 dagger of venom (weapon)
Jewellery
 i - a ring of protection from cold
Scrolls
 l - 3 scrolls of identify
Potions
 a - a potion of heal wounds {unknown}
 c - a potion of haste {unknown}
 d - a potion of invisibility {unknown}
 f - a potion of flight {unknown}
 g - a potion of lignification {unknown}
 h - 2 potions of attraction
 m - a potion of brilliance {unknown}


   Skills:
 - Level 0.2 Fighting
 - Level 2.0 Dodging
 + Level 4.4 Stealth
 - Level 2.0 Spellcasting
 - Level 1.0 Transmutations
 - Level 4.8 Poison Magic


You had 4 spell levels left.
You knew the following spells:

 Your Spells              Type           Power      Damage    Failure   Level
a - Sting                 Tmut/Pois      52%        1d5       4%          1
b - Poisonous Vapours     Pois/Air       22%        N/A       10%         2

Your spell library contained the following spells:

 Spells                   Type           Power      Damage    Failure   Level
 Olgreb's Toxic Radiance  Pois           20%        N/A       22%         4
 Mephitic Cloud           Conj/Pois/Air  8%         N/A       26%         3


Dungeon Overview and Level Annotations

Branches:
Dungeon (2/15)

Altars:
Ru
Zin

Annotations:
D:2 Crazy Yiuf


Innate Abilities, Weirdness & Mutations

You cannot wear most types of armour.
You are amphibious.
You can wear up to eight rings at the same time.
Your skin changes colour to match your surroundings (Stealth+).
Your rubbery body absorbs attacks. (AC +1, EV +1)
((You are camouflaged when in or above water. (Stealth+)))
You have tentacles for arms and can constrict up to eight enemies at once.


Message History

You assume a fearsome visage.
Nothing appears to happen.
It was a scroll of fear.
As you read the scroll labelled GEERUD NEAXKIA, it crumbles to dust.
It is a scroll of brand weapon.
Your +0 dagger drips with poison.
b - a +0 dagger of venom Unknown command.
You see here a ball python corpse.
Found a stone staircase leading down.
There is a stone staircase leading down here.
a - a glowing orange potion
d - a golden potion
There is a stone staircase leading down here.
There is a stone staircase leading up here.
Key pressed, stopping explore.
Could not explore, unopened runed door.
No reachable target in view!
No reachable target in view!
You aren't carrying any items that you can evoke.
Okay, then.
Memorise Poisonous Vapours, consuming 2 spell levels and leaving 4?
You start memorising the spell.
You continue memorising. x2
Crazy Yiuf shouts!
You finish memorising.
Spell assigned to 'b'.
Casting: Sting (safe; 4% risk of failure)
Confirm with . or Enter, or press ? or * to list all spells.
You can't see any susceptible monsters within range! (Use Z to cast anyway.)
You open the door.
Crazy Yiuf hits you with a +2 quarterstaff of chaos!!
Ouch! That really hurt!
Crazy Yiuf burns you.
* * * LOW HITPOINT WARNING * * *
There is an open translucent door, spattered with blood here.
Unknown command.
Unknown command.
You closely miss Crazy Yiuf. You grab Crazy Yiuf. You squeeze Crazy Yiuf.
Crazy Yiuf is moderately wounded.
You constrict Crazy Yiuf.
Crazy Yiuf hits you with a +2 quarterstaff of chaos!
You die...

###♣♣♣♣♣
##..P.♣.♣♣♣ ####
##....P.♣..♣#...#
#.....P♣♣♣♣.@g..#
#########
#####.....♣♣
♣♣#..)# #.......#
.......##♣♣ ####
#######.#
.......# #.#
######## #.#
######
#############.#
#.##.#
#........)....#
#.##.#
#..#########..#
##### #.##.#
#......###....#


You could see Crazy Yiuf.

Vanquished Creatures
  An adder (D:2)
  A worm (D:2)
  A dart slug (D:1)
  4 endoplasms
  4 giant cockroaches
  3 goblins (D:1)
  4 hobgoblins
  A jackal (D:1)
  A quokka (D:1)
  5 ball pythons
  4 bats (D:1)
  2 frilled lizards
  6 kobolds (D:1)
  4 rats
41 creatures vanquished.

Notes
Turn   | Place    | Note
-------+----------+-------------------------------------------
     0 | D:1      | strifetoe the Octopode Venom Mage began the quest for the
                  | Orb.
     0 | D:1      | Reached XP level 1. HP: 11/11 MP: 3/3
   205 | D:1      | Reached XP level 2. HP: 17/17 MP: 5/5
   541 | D:1      | Found a faded altar of an unknown god.
   554 | D:1      | Prayed at the altar of an unknown god.
   554 | D:1      | Became a worshipper of Zin the Law-Giver
   554 | D:1      | Reached * piety under Zin
   853 | D:1      | Reached XP level 3. HP: 14/21 MP: 6/6
  1453 | D:2      | Found a sacrificial altar of Ru.
  1502 | D:2      | Reached ** piety under Zin
  1795 | D:2      | Reached XP level 4. HP: 27/27 MP: 7/7
  1873 | D:2      | Found a runed translucent door.
  1874 | D:2      | Noticed Crazy Yiuf
  2114 | D:2      | Learned a level 2 spell: Poisonous Vapours
  2116 | D:2      | Slain by Crazy Yiuf

Illustrated notes

Levels and vault maps discovered:
D:1:      dpeg_arrival_houses_and_road, layout_basic,
          shapermc_ecumenical_altar_mp_highgroup, minmay_3d_cube
D:2:      layout_loops_ring, basic_altar, uniq_crazy_yiuf_cottage

Skill      XL: |  1  2  3 |
---------------+----------+-----
Poison Magic   | 4 |  4.8
Stealth        | 4 |  4.4
Fighting       | |  0.2
Dodging        | |  2.0
Spellcasting   | |  2.0
Transmutations | |  1.0

Action                   |  1- 3 |  4- 6 || total
-------------------------+-------+-------++-------
Melee: Dagger            |    68 |     2 ||    70
       Unarmed           |     5 |       ||     5
       Constrict         |    17 |     2 ||    19
       Tentacles         |    13 |     2 ||    15
 Cast: Sting             |     6 |       ||     6
  Use: Scroll            |       |     5 ||     5
 Stab: Sleeping          |    16 |       ||    16
Armor: Skin              |     3 |       ||     3
Dodge: Dodged            |    42 |       ||    42

Table legend: (Time is in decaauts)
 A = Elapsed time spent in this place.
 B = Non-inter-level travel time spent in this place.
 C = Inter-level travel time spent in this place.
 D = Time resting spent in this place.
 E = Time spent auto-exploring this place.
 F = Levels seen in this place.
 G = Mean time per level.
                   A        B        C        D        E       F      G
               +--------+--------+--------+--------+--------+-----+--------+
         Total |   2114 |   2089 |     25 |     56 |   1729 |   2 | 1057.0 |
       Dungeon |   2114 |   2089 |     25 |     56 |   1729 |   2 | 1057.0 |
               +--------+--------+--------+--------+--------+-----+--------+

Top non-repeatable levels by time:
     D:1: 1363 daAuts
     D:2: 751 daAuts
